 Dungeon Crawl Stone Soup version 0.28-a0-1568-g77cbbf62ba (webtiles) character file.

Game seed: 9543217917938079316

728 goldor05 the Reanimator (level 7, -11/46 HPs)
             Began as a Vampire Necromancer on Jan 20, 2022.
             Was a Believer of Qazlal.
             Killed by divine providence
             ... invoked by an orc priest
              (13 damage)
             ... on level 5 of the Dungeon.
             The game lasted 00:29:43 (4144 turns).

goldor05 the Reanimator (Vampire Necromancer)       Turns: 4144, Time: 00:29:44

Health: -11/46     AC:  2    Str:  7    XL:     7   Next: 44%
Magic:  0/13       EV: 13    Int: 20    God:    Qazlal [**....]
Gold:   114        SH:  3    Dex: 14    Spells: 10/14 levels left

rFire   . . .      SeeInvis +   b - +0 dagger
rCold   . . .      Faith    .   (no shield)
rNeg    . . .      Spirit   .   a - +0 robe
rPois   .          Reflect  .   (no helmet)
rElec   .          Harm     .   (no cloak)
rCorr   .          Rampage  .   (no gloves)
Will    .....                   (no boots)
Stlth   ++........              (no amulet)
HPRegen 0.35/turn               (no ring)
MPRegen 0.13/turn               (no ring)

@: healing quickly
A: alive, fangs 3, see invisible, vampiric 2
a: Exsanguinate, Renounce Religion, Upheaval


You were on level 5 of the Dungeon.
You worshipped Qazlal.
Qazlal was pleased with you.
You visited 1 branch of the dungeon, and saw 5 of its levels.

You collected 114 gold pieces.

Inventory:

Hand Weapons
 b - a +0 dagger (weapon)
 m - a +0 flail
 t - a +1 whip of chaos
Missiles
 u - 5 poisoned darts
Armour
 a - a +0 robe (worn)
Wands
 q - a wand of flame (12)
Scrolls
 d - 3 scrolls of identify {unknown}
 i - a scroll of teleportation {unknown}
 j - a scroll of fear {unknown}
 n - a scroll of enchant armour {unknown}
 r - a scroll of holy word {unknown}
Potions
 c - 2 potions of flight {unknown}
 e - a potion of might {unknown}
 f - a potion of invisibility {unknown}
 g - a potion of resistance {unknown}
 k - a potion of degeneration {unknown}
 l - a potion of cancellation {unknown}
 o - a potion of heal wounds {unknown}
 p - a potion of brilliance {unknown}
 s - 2 potions of curing


   Skills:
 + Level 0.2 Maces & Flails
 + Level 0.2 Throwing
 * Level 4.0 Dodging
 - Level 3.4 Stealth
 - Level 4.1 Spellcasting
 + Level 8.0 Necromancy
 + Level 1.0 Evocations


You had 10 spell levels left.
You knew the following spells:

 Your Spells              Type           Power      Damage    Failure   Level
a - Pain                  Necr           100%       1d9       1%          1
b - Vampiric Draining     Necr           36%        2d8       1%          3

Your spell library contained the following spells:

 Spells                   Type           Power      Damage    Failure   Level
 Animate Skeleton         Necr           72%        N/A       1%          1
 Animate Dead             Necr           18%        N/A       4%          4
 Apportation              Tloc           8%         N/A       13%         1
 Foxfire                  Conj/Fire      16%        2x1d4     13%         1
 Shock                    Conj/Air       16%        1d4       13%         1
 Agony                    Necr           36%        N/A       13%         5
 Conjure Flame            Conj/Fire      4%         6-21      36%         3
 Inner Flame              Hex/Fire       4%         N/A       36%         3
 Swiftness                Air            4%         N/A       36%         3
 Airstrike                Air            2%         N/A       77%         4
 Flame Wave               Conj/Fire      4%         2d4       77%         4
 Alistair's Intoxication  Tmut/Pois      2%         N/A       98%         5


Dungeon Overview and Level Annotations

Branches:
Dungeon (5/15)
 Temple: D:4-7

Altars:
Qazlal
Sif Muna
Wu Jian
Xom

Shops:
D:3 :


Innate Abilities, Weirdness & Mutations

Your natural rate of healing is accelerated.
You have razor-sharp teeth.
You have supernaturally acute eyesight. (SInv)
You are afflicted with vampirism and can become a bat while bloodless.


Message History

You don't have enough magic to cast this spell.
Unknown command.
Casting: Vampiric Draining (safe; 1% risk of failure)
Confirm with . or Enter, or press ? or * to list all spells.
Aiming: Pain (safe; 1% risk of failure)
Press: ? - help, Shift-Dir - straight line, f/p - centaur
Aim: a centaur, quivering arrows and carrying a wand of mindburst (10) (heavily wounded, chance to affect: 83%)
The centaur writhes in agony.
The centaur barely misses you. The centaur closely misses you.
The centaur barely misses you.
The centaur kicks you but does no damage.
The centaur wields a +0 shortbow.
The centaur shoots an arrow.
The arrow hits you!
* * * LOW HITPOINT WARNING * * *
Casting: Pain (safe; 1% risk of failure)
Confirm with . or Enter, or press ? or * to list all spells.
Aiming: Pain (safe; 1% risk of failure)
Press: ? - help, Shift-Dir - straight line, f/p - centaur
Aim: a centaur, wielding a +0 shortbow, quivering arrows and carrying a wand of mindburst (10) (severely wounded, chance to affect: 83%)
The centaur writhes in agony!
You kill the centaur!
Qazlal accepts your kill.
Your Dodging skill increases to level 4!
Your Necromancy skill increases to level 8!
Your Evocations skill increases to level 1!
You are now empty-handed.
b - a +0 dagger (weapon)
You are now empty-handed.
b - a +0 dagger (weapon)
Casting: Pain (safe; 1% risk of failure)
Confirm with . or Enter, or press ? or * to list all spells.
Aiming: Pain (safe; 1% risk of failure)
Press: ? - help, Shift-Dir - straight line, f - orc priest
Aim: an orc priest, wielding a +0 whip (lightly wounded, chance to affect: 83%)
The orc priest writhes in agony.
The orc priest misses you.
You hit the orc priest.
The orc priest is severely wounded.
The orc priest calls down the wrath of Beogh upon you.
Beogh smites you!
You die...

#..♣♣♣..P♣♣♣..P♣♣♣P..
.....PP.).PP..P.P.P.P
...........)......$....
....................P..
...♣♣♣P.P♣♣♣...♣♣♣P..♣
.. ♣...♣ ♣..P♣ ..P♣ .
♣P..♣♣♣...♣♣♣...♣♣
.P...P..§o....P..P.
........§@o)........
#.###.######..>..###
..........).......
##.##(...o.......
#..#.........
######..#.........
####.......#.........
#.........##.........
#........###.........


You could see an orc priest and an orc.

Vanquished Creatures
  Sigmund (D:3)
  An ice beast (D:5)
  An ogre (D:5)
  A centaur (D:5)
  A howler monkey (D:5)
  A hound (D:4)
  A centaur skeleton (D:5)
  A bullfrog skeleton (D:4)
  Terence (D:3)
  Robin (D:3)
  4 adders
  An ufetubus (D:5)
  3 worms
  4 dart slugs
  4 orcs
  3 ball pythons
  9 endoplasms
  5 giant cockroaches
  6 hobgoblins
  4 jackals (D:4)
  4 quokkas
  8 bats
  2 frilled lizards (D:1)
  12 goblins
  7 kobolds
  3 rats
89 creatures vanquished.

Vanquished Creatures (others)
  9 plants
9 creatures vanquished.

Grand Total: 98 creatures vanquished

Notes
Turn   | Place    | Note
-------+----------+-------------------------------------------
     0 | D:1      | goldor05 the Vampire Necromancer began the quest for the
                  | Orb.
     0 | D:1      | Reached XP level 1. HP: 13/13 MP: 3/3
   156 | D:1      | Reached XP level 2. HP: 13/19 MP: 3/5
   472 | D:1      | Reached skill level 5 in Necromancy
   651 | D:1      | Found a faded altar of an unknown god.
   654 | D:1      | Prayed at the altar of an unknown god.
   654 | D:1      | Became a worshipper of Qazlal Stormbringer
   654 | D:1      | Reached * piety under Qazlal
   741 | D:1      | Gained mutation: You are afflicted with vampirism and can
                  | become a bat while bloodless. [Vampire growth]
   741 | D:1      | Reached XP level 3. HP: 22/24 MP: 3/6
  1625 | D:2      | Reached XP level 4. HP: 28/30 MP: 4/7
  1954 | D:3      | Noticed Terence
  1962 | D:3      | Killed Terence
  2042 | D:3      | Found Yttemm's Book Emporium.
  2169 | D:3      | Learned a level 3 spell: Vampiric Draining
  2224 | D:3      | Noticed Robin
  2323 | D:3      | Reached ** piety under Qazlal
  2408 | D:3      | Killed Robin
  2409 | D:3      | Reached skill level 6 in Necromancy
  2467 | D:3      | Noticed Sigmund
  2520 | D:3      | Killed Sigmund
  2521 | D:3      | Reached XP level 5. HP: 22/35 MP: 2/11
  2521 | D:3      | Reached XP level 6. HP: 26/41 MP: 2/12
  2825 | D:3      | Found an ornate altar of the Wu Jian Council.
  3036 | D:3      | Found a shimmering blue altar of Sif Muna.
  3834 | D:4      | Found a large runed translucent door.
  3834 | D:4      | Found a large runed translucent door.
  3837 | D:4      | Found a shimmering altar of Xom.
  3944 | D:5      | Entered Level 5 of the Dungeon
  3986 | D:5      | Noticed an ice beast
  3992 | D:5      | Killed an ice beast
  3993 | D:5      | Reached skill level 7 in Necromancy
  4019 | D:5      | Reached XP level 7. HP: 43/46 MP: 10/13
  4139 | D:5      | Reached skill level 8 in Necromancy
  4139 | D:5      | Reached skill level 1 in Evocations
  4144 | D:5      | Killed from afar by an orc priest

Illustrated notes

Levels and vault maps discovered:
D:1:      minmay_arrival_stair_chambers, layout_rooms,
          shapermc_ecumenical_altar_mp_urbaneastern
D:2:      layout_basic
D:3:      layout_rooms, mainiacjoe_overflow_paths,
          nicolae_overflow_crystal_walls, serial_shops,
          nicolae_shop_hallway_stairs, moated_statue, serial_bayou_ford_a,
          uniq_sigmund, uniq_robin, uniq_terence
D:4:      due_chaos_kobolds, layout_loops_ring, kennysheep_decorative_pillar,
          kennysheep_generic_room_3
D:5:      layout_rooms, kennysheep_boxes

Skill      XL: |  1  2  3  4  5  6  7 |
---------------+----------------------+-----
Necromancy     | 5 6 7 8 |  8.0
Spellcasting   | 4 |  4.1
Dodging        | 3 4 |  4.0
Evocations     | 1 |  1.0
Maces & Flails | |  0.2
Throwing       | |  0.2
Stealth        | |  3.4

Action                   |  1- 3 |  4- 6 |  7- 9 || total
-------------------------+-------+-------+-------++-------
Melee: Unarmed           |    29 |       |       ||    29
       Bite              |     7 |     3 |     1 ||    11
       Dagger            |    17 |     8 |     1 ||    26
       Whip              |       |     6 |     4 ||    10
Throw: Throwing net      |       |     1 |       ||     1
       Dart              |       |       |     4 ||     4
 Cast: Pain              |    59 |    69 |    17 ||   145
       Vampiric Draining |       |     3 |     3 ||     6
Evoke: Wand              |       |    10 |       ||    10
 Stab: Sleeping          |     5 |       |       ||     5
Armor: Robe              |    19 |     7 |     3 ||    29
Dodge: Dodged            |    51 |    35 |    12 ||    98
Block: Other             |     1 |     5 |       ||     6

Table legend: (Time is in decaauts)
 A = Elapsed time spent in this place.
 B = Non-inter-level travel time spent in this place.
 C = Inter-level travel time spent in this place.
 D = Time resting spent in this place.
 E = Time spent auto-exploring this place.
 F = Levels seen in this place.
 G = Mean time per level.
                   A        B        C        D        E       F      G
               +--------+--------+--------+--------+--------+-----+--------+
         Total |   4144 |   3990 |    154 |    468 |   2804 |   5 |  828.8 |
       Dungeon |   4144 |   3990 |    154 |    468 |   2804 |   5 |  828.8 |
               +--------+--------+--------+--------+--------+-----+--------+

Top non-repeatable levels by time:
     D:2: 1207 daAuts
     D:3: 1026 daAuts
     D:1: 871 daAuts
     D:4: 845 daAuts
     D:5: 193 daAuts
